 Dungeon Crawl Stone Soup version 0.21.1-1-g345015f (webtiles) character file.

22 Labyrinth the Stinger (level 2, 0/19 HPs)
             Began as a Merfolk Venom Mage on July 21, 2018.
             Slain by an orc wizard
             ... wielding a +0 dagger
              (1 damage)
             ... on level 2 of the Dungeon.
             The game lasted 00:08:32 (1006 turns).

Labyrinth the Stinger (Merfolk Venom Mage)          Turns: 1006, Time: 00:08:32

Health: 0/19       AC:  5    Str:  8    XL:     2   Next: 91%
Magic:  0/5        EV: 11    Int: 14    God:
Gold:   85         SH:  0    Dex: 14    Spells: 3/6 levels left

rFire    + . .     SeeInvis .   r - staff of earth
rCold    x . .     Gourm    .   (no shield)
rNeg     . . .     Faith    .   l - +0 ring mail
rPois    .         Spirit   .   (no helmet)
rElec    .         Reflect  .   (no cloak)
rCorr    .         Harm     +   (no gloves)
MR       .....                  (no boots)
Stlth    +.........             t - amulet of harm
HPRegen  0.06/turn              s - ring of fire
MPRegen  0.09/turn              (no ring)

@: very slightly contaminated
A: change form in water, swift swim, stealthy swim
a: no special abilities


You were on level 2 of the Dungeon.
You were not hungry.

You visited 1 branch of the dungeon, and saw 2 of its levels.

You collected 85 gold pieces.

Inventory:

Hand Weapons
 d - a +0 short sword
 q - a +0 dagger
Missiles
 g - 43 stones (quivered)
 m - 26 arrows
Armour
 a - a +0 robe
 f - a +0 chain mail
 l - a +0 ring mail (worn)
Magical Staves
 r - an uncursed staff of earth (weapon)
Jewellery
 s - a ring of fire (left hand)
 t - an amulet of harm (around neck)
Scrolls
 e - a scroll of magic mapping
 h - a scroll of teleportation
 i - a scroll of remove curse {unknown}
 j - a scroll of immolation {unknown}
 k - 2 scrolls of blinking
 p - a scroll of identify {unknown}
Potions
 n - 2 potions of agility {unknown}
Books
 b - a Young Poisoner's Handbook

   Spells                             Type                      Level
   a - Sting                          Conjuration/Poison           1
   b - Poisonous Vapours              Poison/Air                   2
   c - Mephitic Cloud                 Conjuration/Poison/Air       3
   d - Olgreb's Toxic Radiance        Poison                       4
   e - Venom Bolt                     Conjuration/Poison           5
Comestibles
 c - 2 rations


   Skills:
 + Level 2.8 Dodging
 + Level 2.2 Stealth
 + Level 2.5 Spellcasting
 + Level 1.0 Conjurations
 + Level 3.7 Poison Magic


You had 3 spell levels left.
You knew the following spells:

 Your Spells              Type           Power        Failure   Level  Hunger
a - Sting                 Conj/Pois      #...         26%         1    #......
b - Poisonous Vapours     Pois/Air       #.....       43%         2    ###....


Dungeon Overview and Level Annotations

Branches:
Dungeon (2/15)

Altars:


Message History

Aiming: Sting
Press: ? - help, Shift-Dir - straight line, f - orc wizard, p - orc
Aim: an orc wizard, wielding a dagger and wearing a robe (moderately wounded, fast)
The sting misses the orc wizard.
The sting hits the orc.
The orc is poisoned.
The orc is lightly wounded.
The orc wizard barely misses you.
You hit the orc wizard but do no damage.
The orc wizard is moderately wounded.
The orc wizard casts a spell at you. The magic dart hits you!
* * * LOW HITPOINT WARNING * * *
The orc wizard hits you but does no damage.
You hit the orc wizard.
The orc wizard is moderately wounded.
The orc wizard closely misses you. The orc wizard hits you with a dagger.
* * * LOW HITPOINT WARNING * * *
You hit the orc wizard but do no damage.
The orc wizard is moderately wounded.
The orc wizard barely misses you. The orc wizard hits you with a dagger.
You die...

..# #.#
#.# #.#
#.# #.#
#.# #@#
#o#
#or......
##o......
.......
......#
.......
.......
.%.....


You could see an orc wizard, 2 orcs and a rat.

Vanquished Creatures
  A dart slug (D:1)
  An orc (D:2)
  4 bats (D:1)
  A giant cockroach (D:1)
  A goblin (D:1)
  A hobgoblin (D:1)
  A ball python (D:1)
  4 frilled lizards (D:1)
  2 kobolds (D:1)
  5 rats (D:1)
21 creatures vanquished.

Notes
Turn   | Place    | Note
-------+----------+-------------------------------------------
     0 | D:1      | Labyrinth the Merfolk Venom Mage began the quest for the Orb.
     0 | D:1      | Reached XP level 1. HP: 13/13 MP: 3/3
    76 | D:1      | Reached skill level 1 in Conjurations
   269 | D:1      | Reached XP level 2. HP: 19/19 MP: 0/5
   273 | D:1      | Learned a level 2 spell: Poisonous Vapours
  1006 | D:2      | Slain by an orc wizard

Skill      XL: |  1 |
---------------+----+-----
Conjurations   | 1 |  1.0
Dodging        | |  2.8
Stealth        | |  2.2
Spellcasting   | |  2.5
Poison Magic   | |  3.7

Action                   || total
-------------------------++-------
Melee: Short sword       ||    23
       Unarmed           ||     4
       Staff             ||    13
 Cast: Sting             ||    27
  Use: Scroll            ||     3
  Eat: Ration            ||     1
Armor: Robe              ||    11
       Ring mail         ||     5
Dodge: Dodged            ||    41
